 Dungeon Crawl Stone Soup version 0.19-a0-958-gd69d43c (webtiles) character file.

20665 donpolvoron the Grand Gadgeteer (level 12, -5/97 HPs)
             Began as a Mummy Artificer on July 11, 2016.
             Was the Champion of Pakellas.
             Slain by an ice devil (7 damage)
             ... in an ice cave.
             The game lasted 00:58:21 (14152 turns).

donpolvoron the Grand Gadgeteer (Mummy Artificer)  Turns: 14152, Time: 00:58:21

Health: -5/97      AC: 17    Str: 18    XL:     12   Next: 47%
Magic:  5/22       EV:  6    Int: 10    God:    Pakellas [******]
Gold:   521        SH:  4    Dex: 15    Spells: 0 memorised, 11 levels left

rFire  x . .     SeeInvis .     C - +10 supercharged iron rod (5/18)
rCold  + . .     Gourm    .     r - +0 plate armour
rNeg   + + +     Faith    .     (no shield)
rPois  ∞         Spirit   .     p - +0 helmet
rElec  .         Dismiss  .     g - +1 cloak
rCorr  .         Reflect  +     (no gloves)
SustAt .         Harm     .     o - +0 pair of boots {run}
MR     +....                    q - +4 amulet of reflection
Stlth  ..........               (no ring)
                                (no ring)

@: quick, somewhat resistant to hostile enchantments, extremely unstealthy
A: no food or potions, fire vulnerability, cold resistance 1, negative energy
resistance 3, torment resistance, unbreathing
a: Quick Charge, Device Surge, Renounce Religion


You were in an ice cave.
You worshipped Pakellas.
Pakellas was exalted by your worship.
You were not hungry.

You visited 3 branches of the dungeon, and saw 12 of its levels.
You also visited: Ossuary and Ice Cave.

You collected 521 gold pieces.

Inventory:

Hand Weapons
 n - a +2 falchion of draining
 w - a +8 flail of protection
 E - a +0 trident of venom
 H - a +0 triple sword of freezing
Armour
 g - a +1 cloak (worn)
 o - a +0 pair of boots of running (worn)
 p - a +0 helmet (worn)
 r - a +0 plate armour (worn)
 y - the +1 robe of Complete Protection {rElec Int-5 Dex+6 SInv}
   (You found it on level 1 of the Lair of Beasts)

   It affects your intelligence (-5).
   It affects your dexterity (+6).
   It insulates you from electricity.
   It lets you see invisible.
 F - a +0 hat of magic resistance
Rods
 C - a +10 supercharged iron rod (5/18) (in hand)
   (Pakellas gifted it to you on level 8 of the Dungeon)
Jewellery
 b - an uncursed amulet of dismissal
 q - a +4 amulet of reflection (around neck)
 x - an uncursed amulet of harm {unknown}
 B - a +3 ring of intelligence
Wands
 a - a wand of iceblast (11/15)
 c - a wand of flame (0/48)
 d - a wand of enslavement (12/24)
 e - a wand of random effects (3/48)
 i - a wand of teleportation (5/9)
 l - a wand of polymorph (17/24)
 m - a wand of iceblast (3/15)
 t - a wand of lightning (1/15)
 u - a wand of slowing (32/48)
 v - a wand of paralysis (12/24)
 A - a wand of slowing (13/48)
Scrolls
 f - 4 scrolls of teleportation
 h - 6 scrolls of remove curse
 j - a scroll of enchant armour
 s - a scroll of enchant weapon
Books
 G - a book of Summonings

   Spells                             Type                      Level
   a - Recall                         Summoning/Translocation      3
   b - Aura of Abjuration             Summoning                    5
   c - Summon Demon                   Summoning                    5
   d - Summon Forest                  Summoning/Translocation      5
   e - Summon Mana Viper              Hexes/Summoning              5
   f - Shadow Creatures               Summoning                    6
Miscellaneous
 k - a phantom mirror
 z - a lamp of fire (inert)
 D - a sack of spiders


   Skills:
 + Level 9.9 Fighting
   Level 0.7 Short Blades
 - Level 5.7 Armour
 - Level 1.5 Dodging
 - Level 0.7 Stealth
 * Level 14.1 Evocations


You had 11 spell levels left.
You didn't know any spells.

Dungeon Overview and Level Annotations

Branches:
Dungeon (10/15)            Temple (1/1) D:4            Lair (1/6) D:10
    Orc (0/2) D:9

Altars:
Ashenzari
Cheibriados
Fedhas
Gozag
Hepliaklqana
Kikubaaqudgha
Makhleb
Nemelex Xobeh
Okawaru
Pakellas
Qazlal
Ru
Sif Muna
Trog
Uskayaw
Vehumet
Xom
Yredelemnul
Zin
The Shining One


Innate Abilities, Weirdness & Mutations

You do not eat or drink.
Your flesh is vulnerable to fire.
You are immune to poison.
Your flesh is cold resistant. (rC+)
You are immune to negative energy. (rN+++)
You are immune to unholy pain and torment.
You can survive without breathing.


Message History

You hear a mighty clap of thunder!
The bolt of lightning hits the ice devil.
You kill the ice devil!
Pakellas accepts your kill.
This wand has 1 charge left.
Your surroundings suddenly seem different.
An ice devil comes into view.
Found a fan of gales and a scroll of identify.
Unknown command.
Evoke which item? (* to show all) (? for menu, Esc to quit)
Okay, then.
Evoke which item? (* to show all) (? for menu, Esc to quit)
You reach into the bag... ...but nothing happens.
The ice devil barely misses you.
Unknown command.
The ice devil hits you.
* * * LOW HITPOINT WARNING * * *
The ice devil freezes you! You resist.
You die...
Pakellas says: Time to start the next experiment...

###§§§§..... #
###§§.§§....## ..
##§§§§.§####..##...
##§§.§§.§#........#
##§§§§§§§##......#
#.§§§§§§##......#
#.§§§§.§....#§......
#.§.4.###..#§§###..
###.@#.....#§§..
####.....#§§...
###..≈§§.##.#
###§§§§§### ###.###
... }?## ##


You could see an ice devil.

Vanquished Creatures
  Gastronok (Lair:1)
  Fannar (Lair:1)
  3 hydras
  The ghost of tstbtto the Carver, a novice MiFi of Cheibriados (D:8)
  2 hill giants (D:10)
  A wizard (D:10)
  Pikel (D:7)
  2 ice statues (IceCv)
  A centaur zombie (D:10)
  A black mamba (Lair:1)
  2 spiny frogs (Lair:1)
  10 ice devils
  A tengu conjurer (D:10)
  A human (D:7)
  3 trolls (D:10)
  3 two-headed ogres
  A wraith (Ossuary)
  A shadow (D:10)
  3 wyverns (D:10)
  The ghost of tstbtto the Slasher, an amateur MiFi of Okawaru (D:4)
  A hog (D:7)
  A basilisk (D:10)
  A hippogriff (Lair:1)
  4 hungry ghosts
  3 water moccasins
  2 porcupines (Lair:1)
  6 orc warriors
  2 ice beasts
  A slave (D:7)
  An eye of draining (D:9)
  A sky beast (D:9)
  A black bear (D:9)
  3 phantoms
  3 ogres
  2 necrophages
  2 centaurs (D:9)
  3 crocodiles (Lair:1)
  4 big kobolds
  7 giant frogs
  4 scorpions
  3 troll zombies (D:9)
  3 killer bees (D:9)
  3 wights (D:10)
  3 crimson imps
  7 howler monkeys
  5 hounds
  3 jellies
  5 centaur skeletons
  A giant frog skeleton (D:8)
  5 orc priests
  2 iguanas
  5 orc wizards
  A worker ant (D:10)
  A killer bee zombie (D:9)
  3 sheep (D:7)
  5 ogre zombies (D:9)
  2 hound skeletons
  4 hound zombies
  A mummy (Ossuary)
  A worker ant zombie (D:5)
  9 gnolls
  11 adders
  12 river rats
  3 shadow imps
  2 white imps (IceCv)
  5 ufetubi (IceCv)
  An ooze (D:6)
  2 adder skeletons
  2 worms (D:3)
  A giant gecko (D:3)
  48 orcs
  2 giant cockroaches
  8 goblins
  6 hobgoblins
  5 jackals
  9 quokkas
  3 ball pythons
  9 bats
  2 giant newts
  8 gnoll skeletons (Ossuary)
  2 goblin zombies
  A hobgoblin skeleton (D:9)
  2 hobgoblin zombies (D:9)
  23 kobolds
  6 kobold skeletons (Ossuary)
  11 orc skeletons
  20 orc zombies (D:9)
  A quokka skeleton (D:8)
  9 rats
  A rat zombie (D:6)
379 creatures vanquished.

Vanquished Creatures (others)
  3 slaves (D:7)
  An orc priest (D:8)
  9 ufetubi (IceCv)
  An orc (D:8)
  A giant newt (D:4)
  4 fungi
  2 plants (D:10)
21 creatures vanquished.

Grand Total: 400 creatures vanquished

Notes
Turn   | Place    | Note
-------+----------+-------------------------------------------
     0 | D:1      | donpolvoron the Mummy Artificer began the quest for the Orb.
     0 | D:1      | Reached XP level 1. HP: 15/15 MP: 2/2
   371 | D:1      | Reached XP level 2. HP: 19/21 MP: 4/4
   650 | D:1      | Reached skill level 3 in Evocations
   810 | D:1      | Reached XP level 3. HP: 27/27 MP: 5/5
  1694 | D:2      | Found a stormy altar of Qazlal.
  2053 | D:3      | Found an ancient bone altar of Kikubaaqudgha.
  2278 | D:3      | Reached XP level 4. HP: 34/34 MP: 6/6
  2469 | D:4      | Found a staircase to the Ecumenical Temple.
  2478 | Temple   | Entered the Ecumenical Temple
  2553 | Temple   | Became a worshipper of Pakellas the Inventive
  2728 | D:4      | Noticed tstbtto's ghost (amateur MiFi)
  2951 | D:4      | Reached skill level 4 in Evocations
  2982 | D:4      | Noticed a phantom
  3374 | D:4      | Killed tstbtto's ghost
  3374 | D:4      | Reached XP level 5. HP: 37/41 MP: 8/8
  3374 | D:4      | Reached XP level 6. HP: 42/47 MP: 9/9
  3533 | D:4      | Reached skill level 5 in Evocations
  3994 | D:5      | Entered Level 5 of the Dungeon
  4184 | D:5      | Reached XP level 7. HP: 10/55 MP: 11/11
  4497 | D:5      | Found a glowing golden altar of the Shining One.
  4499 | D:5      | Found an iron altar of Okawaru.
  4741 | D:5      | Reached * piety under Pakellas
  4741 | D:5      | Received a gift from Pakellas
  4947 | D:5      | Reached skill level 6 in Evocations
  5458 | D:6      | Found a hazy altar of Hepliaklqana.
  5551 | D:6      | Reached skill level 1 in Armour
  5586 | D:6      | Found a sand-covered staircase.
  5593 | Ossuary  | Entered an ossuary
  5593 | Ossuary  | Noticed a wraith
  5593 | Ossuary  | Noticed a wraith
  5593 | Ossuary  | Noticed a wraith
  5609 | Ossuary  | Reached ** piety under Pakellas
  5609 | Ossuary  | Received a gift from Pakellas
  5658 | Ossuary  | Noticed a wraith
  5672 | Ossuary  | Killed a wraith
  5672 | Ossuary  | Reached XP level 8. HP: 35/61 MP: 11/13
  5869 | D:6      | Reached skill level 7 in Evocations
  5936 | D:6      | Reached *** piety under Pakellas
  5936 | D:6      | Received a gift from Pakellas
  6150 | D:7      | Noticed a two-headed ogre
  6156 | D:7      | Killed a two-headed ogre
  6331 | D:7      | Reached skill level 8 in Evocations
  6448 | D:7      | Found an opulent altar of Gozag.
  6448 | D:7      | Found a glowing silver altar of Zin.
  6526 | D:7      | Noticed Pikel
  6538 | D:7      | Killed Pikel
  6538 | D:7      | Reached XP level 9. HP: 53/67 MP: 15/15
  7246 | D:7      | Reached **** piety under Pakellas
  7246 | D:7      | Received a gift from Pakellas
  7265 | D:7      | Reached skill level 9 in Evocations
  7689 | D:8      | Found a snail-covered altar of Cheibriados.
  7710 | D:8      | Reached skill level 5 in Armour
  7752 | D:8      | Noticed tstbtto's ghost (novice MiFi)
  8120 | D:7      | Reached skill level 10 in Evocations
  8135 | D:8      | Found a sparkling altar of Nemelex Xobeh.
  8173 | D:8      | Reached ***** piety under Pakellas
  8173 | D:8      | Received a gift from Pakellas
  8290 | D:8      | Found a hide-covered altar of Uskayaw.
  8326 | D:8      | Found a radiant altar of Vehumet.
  8494 | D:8      | Killed tstbtto's ghost
  8494 | D:8      | Reached XP level 10. HP: 73/73 MP: 17/17
  8685 | D:9      | Reached skill level 5 in Fighting
  8708 | D:9      | Found a staircase to the Orcish Mines.
  9752 | D:9      | Found a blossoming altar of Fedhas.
  9772 | D:9      | Reached skill level 11 in Evocations
 10140 | D:9      | Found a burning altar of Makhleb.
 10199 | D:9      | Found a bloodstained altar of Trog.
 10225 | D:9      | Found a glowing golden altar of the Shining One.
 10280 | D:9      | Reached ****** piety under Pakellas
 10305 | D:9      | Identified a +10 supercharged iron rod (18/18) (supercharged by Pakellas)
 10446 | D:9      | Identified a +0 pair of boots of running (You found it on level 9 of the Dungeon)
 10670 | D:10     | Entered Level 10 of the Dungeon
 10795 | D:10     | Reached XP level 11. HP: 35/83 MP: 10/19
 11033 | D:10     | Found a hazy altar of Hepliaklqana.
 11154 | D:10     | Found a staircase to the Lair.
 11368 | D:10     | Noticed a wizard
 11371 | D:10     | Noticed a seven-headed hydra
 11372 | D:10     | Noticed a hill giant
 11372 | D:10     | Noticed a seven-headed hydra
 11382 | D:10     | Reached skill level 12 in Evocations
 11389 | D:10     | Noticed a hill giant
 11564 | D:10     | Killed a seven-headed hydra
 11602 | D:10     | Killed a wizard
 11736 | D:10     | Killed a seven-headed hydra
 11843 | D:10     | Killed a hill giant
 12036 | D:10     | Killed a hill giant
 12108 | Lair:1   | Entered Level 1 of the Lair of Beasts
 12268 | Lair:1   | Noticed Fannar
 12274 | Lair:1   | Killed Fannar
 12274 | Lair:1   | Reached skill level 13 in Evocations
 12304 | Lair:1   | Noticed an eight-headed hydra
 12343 | Lair:1   | Got a dull robe
 12430 | Lair:1   | Noticed Gastronok
 12528 | Lair:1   | Killed Gastronok
 12528 | Lair:1   | Reached XP level 12. HP: 41/95 MP: 18/22
 12561 | Lair:1   | Identified the +1 robe of Complete Protection {rElec Int-5 Dex+6 SInv} (You found it on level 1 of the Lair of Beasts)
 12792 | Lair:1   | Killed an eight-headed hydra
 12849 | Lair:1   | Found a frozen archway.
 12903 | IceCv    | Entered an ice cave
 13851 | IceCv    | Reached skill level 14 in Evocations
 14152 | IceCv    | HP: 2/97 [ice devil (6)]
 14152 | IceCv    | Slain by an ice devil

Vault maps used:
D:1:      grunt_arrival_lava_bath, minmay_fountain_box, kennysheep_boxes
D:2:      lemuel_doored_altar, first_bread
D:3:      lemuel_tele_altar
D:5:      nicolae_overflow_hidden_temple, hangedman_decor_push
D:6:      kennysheep_little_box, enter_ossuary_4, minivault_11,
          solitary_fountain
D:7:      grunt_temple_overflow_gold_and_silver, grunt_livestock, uniq_pikel
D:8:      cheibriados_altar_wand_db, lemuel_coloured_pillars_altar,
          kennysheep_mini, basic_altar, hangedman_abyss_or_decor_stabs,
          nrook_mini_vaults
D:9:      fedhas_bush_and_centaur_altar, makhleb_blood_cavern_becter,
          zombieorc2_lemuel, hangedman_feature_mirror
D:10:     due_lair_maze_entry_diamond, basic_altar, minivault_28
Temple:   jpeg_temple_clearing
Lair:1:   portal_ice_cave_demonic_guard, infiniplex_staircase_pool_2,
          uniq_gastronok, uniq_fannar
Ossuary:  ossuary_due_mausoleum
IceCv:    ice_cave_small_demon

Skill      XL: |  1  2  3  4  5  6  7  8  9 10 11 12 |
---------------+-------------------------------------+-----
Evocations     | 3 4 5 6 8 10 11 13 14 | 14.1
Fighting       | 2 3 4 6 9 |  9.9
Armour         | 1 3 5 |  5.7
Short Blades   | |  0.7
Dodging        | |  1.5
Stealth        | |  0.7

Action                   |  1- 3 |  4- 6 |  7- 9 | 10-12 || total
-------------------------+-------+-------+-------+-------++-------
Melee: Short sword       |   181 |       |       |       ||   181
       Falchion          |    15 |   235 |   287 |     9 ||   546
       Flail             |       |       |   442 |   565 ||  1007
       Dagger            |       |       |       |     7 ||     7
Invok: Quick Charge      |       |       |       |     4 ||     4
       Supercharge       |       |       |       |     1 ||     1
Evoke: Wand              |     1 |    21 |    20 |    18 ||    60
       Rod               |       |       |     3 |    68 ||    71
       Lamp of fire      |       |       |     1 |     1 ||     2
       Sack of spiders   |       |       |       |     1 ||     1
  Use: Scroll            |       |     3 |    10 |    12 ||    25
 Stab: Paralysed         |       |    16 |    35 |     7 ||    58
Armor: Leather armour    |     4 |       |       |       ||     4
       Ring mail         |    60 |       |       |       ||    60
       Chain mail        |    14 |    39 |       |       ||    53
       Plate armour      |       |   111 |   630 |   630 ||  1371
Dodge: Dodged            |   109 |    46 |   187 |   242 ||   584
Block: Other             |       |       |       |    42 ||    42
